 Seeded DCSS version 0.30-a0-996-ga6910c8ee8 (webtiles) character file.

Game seed: 18446744073709551615 (custom seed)

58 Ghostmaker01 the Shield-Bearer (level 3, 0/33 HPs)
             Began as a Minotaur Fighter on Apr 4, 2023.
             Slain by a gnoll
             ... wielding a +0 spear
              (3 damage)
             ... on level 2 of the Dungeon.
             The game lasted 00:00:43 (419 turns).

Ghostmaker01 the Shield-Bearer (Minotaur Fighter)    Turns: 419, Time: 00:00:43

Health: 0/33       AC:  7    Str: 22    XL:     3   Next: 76%
Magic:  2/2        EV:  9    Int:  5    God:
Gold:   60         SH:  4    Dex:  9    Spells: 2/2 levels left

rFire   . . .      SeeInvis .    a - +0 war axe
rCold   . . .      Faith    .    c - +0 buckler
rNeg    . . .      Spirit   .    b - +0 scale mail
rPois   .          Reflect  .    (helmet restricted)
rElec   .          Rampage  .    (no cloak)
rCorr   .                        (no gloves)
Will    .....                    (no boots) Stlth
                                 (no amulet)
HPRegen 0.25/turn                l - +4 ring of slaying
MPRegen 0.08/turn                (no ring)

@: no status effects
A: horns 2, retaliatory headbutt
a: no special abilities


You were on level 2 of the Dungeon.
You visited 1 branch of the dungeon, and saw 2 of its levels.

You collected 60 gold pieces.

Inventory:

Hand Weapons
 a - a +0 war axe (weapon)
Armour
 b - a +0 scale mail (worn)
 c - a +0 buckler (worn)
Jewellery
 l - a +4 ring of slaying (left hand)
Scrolls
 f - 3 scrolls of identify {unknown}
 h - a scroll of torment {unknown}
 i - a scroll of immolation {unknown}
 j - a scroll of magic mapping {unknown}
Potions
 d - 2 potions of might
 e - 3 potions of curing {unknown}
 g - a potion of degeneration {unknown}
 k - a potion of cancellation {unknown}


   Skills:
 + Level 4.1 Fighting
 + Level 3.0 Axes
 + Level 4.2 Armour
 + Level 0.3 Dodging
 + Level 4.5 Shields


You had 2 spell levels left.
You didn't know any spells.
Your spell library contained the following spells:

 Spells                   Type           Power      Damage    Failure   Level
 Kiss of Death            Conj/Necr      0%         2d5       87%         1
 Confusing Touch          Hex            0%         N/A       99%         3
 Dispel Undead            Necr           0%         3d6       100%        4


Dungeon Overview and Level Annotations

Branches:
Dungeon (2/15)

Altars:


Innate Abilities, Weirdness & Mutations

You have a pair of horns on your head.
You reflexively headbutt those who attack you in melee.


Message History

A hobgoblin comes into view.
The hobgoblin shouts!
The gnoll hits you with a +0 spear. x2
You are too injured to fight recklessly!
You are too injured to fight recklessly!
You are too injured to fight recklessly!
You are too injured to fight recklessly!
You are too injured to fight recklessly!
You are too injured to fight recklessly!
You are too injured to fight recklessly!
You are too injured to fight recklessly!
You are too injured to fight recklessly!
You are too injured to fight recklessly!
You are too injured to fight recklessly!
You are too injured to fight recklessly!
You are too injured to fight recklessly!
You are too injured to fight recklessly!
You are too injured to fight recklessly!
You are too injured to fight recklessly!
You are too injured to fight recklessly!
The gnoll hits you from afar with a +0 spear.
The gnoll hits you but does no damage. You block the gnoll's attack.
The gnoll barely misses you.
You slash the gnoll!
You kill the gnoll!
You slash the gnoll! You block the gnoll's attack.
Your Axes skill increases to level 3!
The gnoll hits you with a +0 spear. The hobgoblin hits you.
* * * LOW HITPOINT WARNING * * *
You see here a +0 spear.
The gnoll hits you with a +0 spear.
* * * LOW HITPOINT WARNING * * *
The hobgoblin hits you.
* * * LOW HITPOINT WARNING * * *
You closely miss the hobgoblin. You closely miss the gnoll.
The gnoll hits you with a +0 spear.
* * * LOW HITPOINT WARNING * * *
The hobgoblin misses you. The hobgoblin closely misses you.
The gnoll hits you with a +0 spear.
You die...

..####..#########........
.........>..............#
....##..#########......##
###......## ##......#
...##.##..# ###..###### .
#.##..####....#
#.#..))#.....##
#..#.#g).......##
#....g@..#..### #.
#...#.......### ##..
....<.........### #...
##..........#...##..#
....##..#..#.......# ...#
#..#.8###.....# ...
####..###....[# .#
#..#.......# #..#####...#


You could see a gnoll and a hobgoblin.

Vanquished Creatures
  3 gnolls (D:2)
  An adder (D:2)
  A worm (D:1)
  2 ball pythons
  A giant cockroach (D:2)
  3 goblins
  2 hobgoblins
  2 kobolds
  2 bats
  A frilled lizard (D:1)
  A rat (D:1)
19 creatures vanquished.

Notes
Turn   | Place    | Note
-------+----------+-------------------------------------------
     0 | D:1      | Ghostmaker01 the Minotaur Fighter began the quest for the
                  | Orb.
     0 | D:1      | Reached XP level 1. HP: 19/19 MP: 0/0
   188 | D:1      | Reached XP level 2. HP: 27/27 MP: 1/1
   285 | D:1      | You fall into a shaft and drop 1 floor!
   408 | D:2      | Reached XP level 3. HP: 30/33 MP: 2/2
   419 | D:2      | Slain by a gnoll

Illustrated notes

Levels and vault maps discovered:
D:1:      dpeg_arrival_brainrot, layout_loops_ring
D:2:      layout_rooms, chequers_decorated_corner, uniq_robin

Skill      XL: |  1  2  3 |
---------------+----------+-----
Shields        | 4 |  4.5
Armour         | 4 |  4.2
Fighting       | 4 |  4.1
Axes           | 3 |  3.0
Dodging        | |  0.3

Action                     || total
---------------------------++-------
  Melee: War axe           ||    35
         Headbutt          ||     6
 Armour: Scale mail        ||    15
  Dodge: Dodged            ||    21
  Block: Buckler           ||     8

Table legend: (Time is in decaauts)
 A = Elapsed time spent in this place.
 B = Non-inter-level travel time spent in this place.
 C = Inter-level travel time spent in this place.
 D = Time resting spent in this place.
 E = Time spent auto-exploring this place.
 F = Levels seen in this place.
 G = Mean time per level.
                   A        B        C        D        E       F      G
               +--------+--------+--------+--------+--------+-----+--------+
         Total |    432 |    432 |      0 |      0 |    328 |   2 |  216.0 |
       Dungeon |    432 |    432 |      0 |      0 |    328 |   2 |  216.0 |
               +--------+--------+--------+--------+--------+-----+--------+

Top non-repeatable levels by time:
     D:1: 292 daAuts
     D:2: 139 daAuts
